 Dungeon Crawl Stone Soup version 0.31.0-11-ge490571c62 (webtiles) character file.

Game seed: 18227355760964821669

95 mopl the Insei (level 4, -5/29 HPs)
             Began as an Octopode Shapeshifter on Jan 28, 2024.
             Killed from afar by Ijyb (11 damage)
             ... with a bolt of dispelling energy
             ... on level 3 of the Dungeon on Jan 29, 2024.
             The game lasted 00:03:11 (2069 turns).

mopl the Insei (Octopode Shapeshifter)              Turns: 2069, Time: 00:03:11

Health: -5/29      AC:  1    Str: 13    XL:     4   Next: 65%
Magic:  4/4        EV: 13    Int: 12    God:
Gold:   76         SH:  0    Dex: 13    Spells: 3/3 levels left

rFire   . .          .
                       - Unarmed
rCold   . . .        (no shield)
rNeg    . . .        (helmet currently unavailable)
rPois   .            (no amulet)
rElec   .            w - ring of resist corrosion
rCorr   +            (no ring)
SInv    .            (no ring)
Will    .....        (no ring)
Stlth   ++           (no ring)
HPRegen 0.24/turn    (no ring)
MPRegen 0.09/turn    (no ring)
                     (no ring)

%: no passive effects
@: beast-form
A: beast (slay +2), almost no armour, amphibious, 8 rings, camouflage 1,
gelatinous body 1, (nimble swimmer 1), tentacles
a: Begin Untransformation


You were on level 3 of the Dungeon.
You were a hulking beast.
You visited 1 branch of the dungeon, and saw 3 of its levels.

You collected 76 gold pieces.

Inventory:

Jewellery
 n - a ring of protection from fire
 w - a ring of resist corrosion (left tentacle)
 x - the Hermit's Pendant {Faith Invo=14 Evo=0 MP+5}
   (You found it on level 3 of the Dungeon)

   [amulet of faith]

   Invo=14: It sets your Invocations skill to 14.
   Evo=0: It sets your Evocations skill to 0.
   Faith:     It allows you to gain divine favour quickly.
   MP+5:      It affects your magic capacity (+5).
Talismans
 b - a beast talisman
 c - a flux talisman
 l - a blade talisman
Scrolls
 d - 2 scrolls of blinking {unknown}
 g - 2 scrolls of teleportation {unknown}
 j - a scroll of fear {unknown}
 k - 2 scrolls of poison {unknown}
 o - a scroll of immolation {unknown}
 p - a scroll of fog {unknown}
 s - a scroll of acquirement {unknown}
 t - a scroll of identify {unknown}
Potions
 a - a potion of lignification
 e - 2 potions of attraction {unknown}
 f - a potion of magic {unknown}
 h - a potion of enlightenment {unknown}
 i - a potion of brilliance {unknown}
 m - a potion of heal wounds {unknown}
 q - 2 potions of might {unknown}
 r - 2 potions of haste {unknown}
 u - a potion of curing {unknown}
 v - a potion of berserk rage {unknown}


   Skills:
 + Level 1.9 Fighting
 + Level 2.6 Dodging
 * Level 3.9 Unarmed Combat
 * Level 3.7 Shapeshifting


You had 3 spell levels left.
You didn't know any spells.
Your spell library contained the following spells:

 Spells                   Type           Power      Damage    Failure   Level
 Blink                    Tloc           0%         N/A       45%         2
 Lesser Beckoning         Tloc           0%         N/A       45%         2
 Momentum Strike          Conj/Tloc      0%         3d8       45%         2


Dungeon Overview and Level Annotations

Branches:
Dungeon (3/15)

Altars:
Okawaru
Vehumet

Annotations:
D:3 Ijyb, Robin


Innate Abilities, Weirdness & Mutations

You are a hulking beast.
Your limbs bulge with bestial killing power. (Slay +2)
You cannot wear most types of armour.
You are amphibious.
You can wear up to eight rings at the same time.
Your skin changes colour to match your surroundings (Stealth+).
Your rubbery body absorbs attacks. (AC +1, EV +1)
((You are camouflaged when in or above water. (Stealth+)))
You have tentacles for arms and can constrict up to eight enemies at once.


Message History

The orc is moderately wounded.
You constrict the orc. The orc barely misses you.
You tentacle-slap the orc.
You kill the orc!
You see here a flux talisman.
You open the door.
Found a stone staircase leading down.
There is an open door here.
You open the door.
There is an open door here.
A kobold comes into view. It is wielding a +0 hand axe.
The kobold moves out of view.
Found a radiant altar of Vehumet.
The kobold shouts!
You hear a shout!
The kobold barely misses you.
You closely miss the kobold. Your grab misses the kobold.
The kobold misses you.
Ijyb zaps a wand.
The bolt of dispelling energy hits the kobold!
The kobold dies!
The bolt of dispelling energy misses you.
Ijyb screams, "I no like you!"
Things that are here:
a +0 hand axe; 5 stones; a kobold corpse Ijyb hits you with a +0 whip.
You tentacle-slap Ijyb. Your grab misses Ijyb.
Ijyb is moderately wounded.
Ijyb zaps a wand.
The bolt of dispelling energy hits you!!
Ouch! That really hurt!
* * * LOW HITPOINT WARNING * * *
You are too injured to fight recklessly!
You are too injured to fight recklessly!
You tentacle-slap Ijyb. You grab Ijyb.
Ijyb is heavily wounded.
You constrict Ijyb. Ijyb misses you.
You tentacle-slap Ijyb. You squeeze Ijyb.
Ijyb is almost dead.
You constrict Ijyb, but do no damage.
Ijyb zaps a wand.
The bolt of dispelling energy hits you!
You die...

......# #.
#.######....#
#. ....g.g<...#
#. #.#..###.#.#
#. # .#.# #.
☼§○ .#.# #. _.
.#.# ##
☼.##g####### .
#.h.....#
#.#)#####.#
#####.#.#####.#
...............
..###.#.#####.#
#....####.#
..###.........#
.........######
.######.## .#


You could see Ijyb.

Vanquished Creatures
  A bombardier beetle (D:3)
  An adder (D:2)
  An orc (D:3)
  5 ball pythons
  3 endoplasms
  11 goblins
  6 hobgoblins
  3 jackals (D:2)
  4 kobolds
  4 bats
  6 frilled lizards
  2 rats
47 creatures vanquished.

Vanquished Creatures (others)
  A kobold (D:3)
1 creature vanquished.

Grand Total: 48 creatures vanquished

Notes
Turn   | Place    | Note
-------+----------+-------------------------------------------
     0 | D:1      | mopl the Octopode Shapeshifter began the quest for the Orb.
     0 | D:1      | Reached XP level 1. HP: 13/13 MP: 1/1
   150 | D:1      | Reached XP level 2. HP: 18/18 MP: 2/2
   955 | D:2      | Reached XP level 3. HP: 19/23 MP: 3/3
  1363 | D:2      | Found an iron altar of Okawaru.
  1761 | D:3      | Noticed Robin
  1788 | D:3      | Reached XP level 4. HP: 10/29 MP: 4/4
  1828 | D:3      | Noticed Ijyb
  1960 | D:3      | Found a faded altar of an unknown god.
  1960 | D:3      | Found the Hermit's Pendant {Faith Invo=14 Evo=0 MP+5}
  2057 | D:3      | Found a radiant altar of Vehumet.
  2069 | D:3      | Killed from afar by Ijyb

Illustrated notes

Levels and vault maps discovered:
D:1:      scummos_arrival_simple_fountains, layout_loops_ring,
          serial_co_window_serial, co_window_paths_a, co_window_corner_a,
          co_window_of_opportunity_a, co_window_corner_a, co_window_corner_a,
          co_window_paths_b, co_window_paths_a, co_window_paths_c,
          co_window_broadway_a, co_window_unsneaky_path_a, co_window_broadway_c,
          co_window_corner_ca, co_window_paths_e, glass_columns_a,
          glass_columns_a, glass_columns_c, glass_columns_a
D:2:      layout_basic, basic_altar
D:3:      minmay_door_path, layout_loops_corners, fiery_altar_vehumet,
          mainiacjoe_overflow_alcove_4, cheibrodos_sewer_entry_bend,
          minmay_misc_feat_iff, hellmonk_guarded_unrand_hermit, uniq_ijyb,
          uniq_robin, uniq_sigmund

Action                     |  1- 3 |  4- 6 || total
---------------------------+-------+-------++-------
  Melee: Unarmed           |    65 |    15 ||    80
         Constrict         |    19 |     5 ||    24
         Tentacles         |     6 |     3 ||     9
         Punch             |     3 |     1 ||     4
   Stab: Sleeping          |     7 |     1 ||     8
 Armour: Skin              |    27 |     8 ||    35
  Dodge: Dodged            |    32 |    12 ||    44
